Map: Année zéro EC

Players

Sorandom

  • Race: Zerg Zerg
  • League: Diamond
  • Spawn Location: 11:00

IA (très facile)

  • Race: Terran Terran
  • Spawn Location: 1:00

VOD

Have the link to the VOD?

Description

Time

  • Played on: March 31, 2019, 8:14 a.m.
  • Length: 3:28
Show
View Real Time Build Order
Export as new Build Order

Sorandom Zerg 

Build Orders:  

Get SALT Encoding   

  1  0:00  SCV x12  
    0:08  Unknown  
  12  0:45  SCV  
  13  0:57  SCV  
  14  1:05  Supply Depot  
  14  1:20  Refinery  
  14  1:34  Barracks  
  14  1:55  SCV  
  15  2:07  SCV  
  16  2:20  SCV  
  16  2:22  Supply Depot  
  17  2:25  Marine  
  18  2:32  SCV  
  18  2:35  Refinery  
  19  2:43  Marine  
  20  3:01  Marine  
  20  3:04  Supply Depot  
Show
View Real Time Build Order
Export as new Build Order

IA (très facile) Terran 

Build Orders: Command Center First (CC) 

Get SALT Encoding   

  1  0:00  SCV x12  
    0:08  Unknown  
  13  0:29  SCV  
  13  0:41  SCV  
  14  0:53  SCV  
  14  0:55  Supply Depot  
  15  1:16  SCV  
  16  1:28  SCV  
  17  1:35  Command Center  
  17  1:42  Barracks  
  17  1:47  Refinery  
  17  2:01  Supply Depot  
  17  2:06  Refinery  
  17  2:17  SCV  
  18  2:29  SCV, Marine  
  20  2:41  SCV  
  21  3:02  Marine  
Tags
 
Add a new tag
Caveats
  • Supply blocks, unpowered buildings, or Contaminate may cause inaccurate times.
  • Supply counts are checked every 10 seconds.